 Dungeon Crawl Stone Soup version 0.30-a0-847-g17996783a1 (webtiles) character file.

Game seed: 13989087127470200183

120 HImegimi the Firebug (level 4, 0/33 HPs)
             Began as a Draconian Fire Elementalist on Mar 3, 2023.
             Was an Initiate of Ashenzari.
             Slain by a gnoll
             ... wielding a +0 club
             ... led by a gnoll bouda
              (4 damage)
             ... on level 6 of the Dungeon.
             The game lasted 00:17:23 (3545 turns).

HImegimi the Firebug (Draconian Fire Elementalist)  Turns: 3545, Time: 00:17:24

Health: 0/33       AC:  6    Str: 10    XL:     4   Next: 75%
Magic:  8/8        EV: 12    Int: 21    God:    Ashenzari [......]
Gold:   130        SH:  0    Dex: 11    Spells: 2/8 levels left

rFire   + . .      SeeInvis .    l - +7 dagger of Jaorupn {venom, rF+ Int+3}
rCold   . . .      Faith    .    (no shield)
rNeg    . . .      Spirit   .    (body armour unavailable)
rPois   .          Reflect  .    (helmet restricted)
rElec   .          Rampage  .    b - +0 cloak
rCorr   .                        (no gloves)
Will    .....                    (no boots)
Stlth   ++                       (no amulet)
HPRegen 0.25/turn                (no ring)
MPRegen 0.11/turn                (no ring)

@: weakened
A: AC +5, unfitting armour, cold-blooded
a: Renounce Religion


You were on level 6 of the Dungeon.
You worshipped Ashenzari.
Ashenzari was noncommittal.
You visited 1 branch of the dungeon, and saw 4 of its levels.

You collected 130 gold pieces.

Inventory:

Hand Weapons
 d - a +1 vampiric hand axe
 l - the +7 dagger of Jaorupn (weapon) {venom, rF+ Int+3}
   (You found it on level 2 of the Dungeon)

   Int:       It affects your intelligence (+3).
   rF:        It protects you from fire.
Armour
 b - a +0 cloak (worn)
 i - a +0 robe
 m - a scarf of invisibility
Jewellery
 o - a ring of wizardry
Scrolls
 e - 3 scrolls of identify {unknown}
 g - a scroll of teleportation {unknown}
 h - 2 scrolls of immolation {unknown}
 k - a scroll of torment {unknown}
 p - 2 scrolls of fog
 r - a scroll of fear {unknown}
Potions
 a - a potion of magic
 f - 2 potions of curing {unknown}
 n - a potion of flight {unknown}
 q - a potion of heal wounds {unknown}


   Skills:
 + Level 0.8 Axes
 + Level 2.0 Dodging
 + Level 2.6 Stealth
 + Level 2.7 Spellcasting
 + Level 1.9 Conjurations
 + Level 4.0 Fire Magic


You had 2 spell levels left.
You knew the following spells:

 Your Spells              Type           Power      Damage    Failure   Level
a - Foxfire               Conj/Fire      60%        2x1d7     4%          1
b - Inner Flame           Hex/Fire       11%        N/A       19%         3
c - Scorch                Fire           38%        2d7       4%          2

Your spell library contained the following spells:

 Spells                   Type           Power      Damage    Failure   Level
 Lesser Beckoning         Tloc           4%         N/A       21%         2
 Kindle Blastsparks       Fire/Tloc/Air  16%        2d11      24%         3
 Gell's Gravitas          Tloc           2%         N/A       38%         3
 Teleport Other           Tloc           2%         N/A       38%         3
 Flame Wave               Conj/Fire      15%        2d7       38%         4


Dungeon Overview and Level Annotations

Branches:
Dungeon (3/15)

Altars:
Ashenzari


Innate Abilities, Weirdness & Mutations

Your plain brown scales are hard. (AC +5)
You cannot fit into any form of body armour.
You are cold-blooded and may be slowed by cold attacks.


Message History

You swing at nothing.
The gnoll hits you but does no damage.
The gnoll bouda hits you but does no damage.
You swing at nothing.
The gnoll hits you with a +0 club.
The gnoll bouda hits you with a +0 whip.
You swing at nothing.
The gnoll hits you but does no damage.
The gnoll bouda gazes fiercely through you!
You feel your attacks grow feeble.
The gnoll bouda hits you but does no damage.
You swing at nothing.
The gnoll hits you but does no damage.
The gnoll bouda hits you but does no damage.
You swing at nothing.
The gnoll hits you with a +0 club.
The gnoll bouda gazes fiercely through you!
You feel as though you will be weak longer.
The gnoll bouda hits you but does no damage.
You swing at nothing.
The gnoll hits you but does no damage.
The gnoll bouda hits you but does no damage.
You swing at nothing.
You feel less wooden.
Your +0 cloak unmelds from your body.
The gnoll completely misses you.
The gnoll bouda gazes fiercely through you!
You feel as though you will be weak longer.
The gnoll bouda completely misses you.
You swing at nothing.
The gnoll is no longer moving quickly.
The gnoll hits you with a +0 club.
The gnoll bouda barks out a call to the hunt!
The gnoll picks up the pace!
You swing at nothing.
The gnoll hits you but does no damage. The gnoll bouda closely misses you.
You swing at nothing.
The gnoll hits you with a +0 club.
The gnoll bouda gazes fiercely through you!
You feel as though you will be weak longer.
The gnoll bouda barely misses you.
You swing at nothing.
The gnoll hits you with a +0 club.
* * * LOW HITPOINT WARNING * * *
The gnoll bouda hits you but does no damage.
You swing at nothing.
The gnoll hits you with a +0 club.
* * * LOW HITPOINT WARNING * * *
The gnoll bouda barely misses you.
You swing at nothing.
The gnoll hits you with a +0 club.
You die...

### ##.# ###g)##
####..g@.## ###
###.)..###..###.####
#....###
##..##....###
#....###
##.........###
.?.....
##..........###
.......
##...........#
.......
#...........#
.......
#..........##
....... #..........#


You could see a gnoll bouda and a gnoll (swift).

Vanquished Creatures
  2 adders
  6 gnolls
  A dart slug (D:2)
  4 endoplasms
  6 goblins
  4 hobgoblins
  3 quokkas
  5 ball pythons
  5 bats
  2 frilled lizards
  4 kobolds
  5 rats (D:1)
  11 bushes (D:3)
58 creatures vanquished.

Vanquished Creatures (others)
  86 foxfires
  6 plants (D:3)
92 creatures vanquished.

Grand Total: 150 creatures vanquished

Notes
Turn   | Place    | Note
-------+----------+-------------------------------------------
     0 | D:1      | HImegimi the Draconian Fire Elementalist began the quest
                  | for the Orb.
     0 | D:1      | Reached XP level 1. HP: 14/14 MP: 3/3
   424 | D:1      | Reached XP level 2. HP: 20/20 MP: 0/5
  1252 | D:2      | Reached XP level 3. HP: 26/26 MP: 0/6
  1822 | D:2      | Identified the +7 dagger of Jaorupn {venom, rF+ Int+3}
  1863 | D:2      | Learned a level 3 spell: Inner Flame
  1866 | D:2      | Learned a level 2 spell: Scorch
  2434 | D:3      | Found a broken altar of Ashenzari.
  2450 | D:3      | Became a worshipper of Ashenzari the Shackled
  3288 | D:3      | Reached XP level 4. HP: 33/33 MP: 0/7
  3465 | D:3      | You fall into a shaft and drop 3 floors!
  3513 | D:6      | Reached skill level 4 in Fire Magic
  3545 | D:6      | Slain by a gnoll

Illustrated notes

Levels and vault maps discovered:
D:1:      minmay_arrival_shattered_statue, layout_basic
D:2:      layout_rooms
D:3:      layout_loops_corners, ashenzari_altar_1, marbit_many_paths,
          serial_forest, infiniplex_forest_lined_3, infiniplex_forest_end_1,
          infiniplex_forest_lined_2, infiniplex_forest_straight_2,
          infiniplex_forest_clump_double, infiniplex_forest_clump_small,
          infiniplex_forest_lined_2
D:6:      layout_cave_pods, serial_shops, nicolae_shop_stone,
          lemuel_flame_loot_1

Skill      XL: |  1  2  3  4 |
---------------+-------------+-----
Dodging        | 2 |  2.0
Stealth        | 2 |  2.6
Fire Magic     | 4 |  4.0
Axes           | |  0.8
Spellcasting   | |  2.7
Conjurations   | |  1.9

Action                     |  1- 3 |  4- 6 || total
---------------------------+-------+-------++-------
  Melee: Hand axe          |    11 |       ||    11
         Tailslap          |   111 |     1 ||   112
         Dagger            |   444 |     7 ||   451
         Punch             |     6 |     1 ||     7
   Cast: Foxfire           |    53 |     9 ||    62
         Scorch            |     6 |       ||     6
    Use: Potion            |       |     2 ||     2
         Scroll            |       |     1 ||     1
   Stab: Sleeping          |     1 |       ||     1
 Armour: Skin              |    22 |    36 ||    58
  Dodge: Dodged            |    30 |    20 ||    50

Table legend: (Time is in decaauts)
 A = Elapsed time spent in this place.
 B = Non-inter-level travel time spent in this place.
 C = Inter-level travel time spent in this place.
 D = Time resting spent in this place.
 E = Time spent auto-exploring this place.
 F = Levels seen in this place.
 G = Mean time per level.
                   A        B        C        D        E       F      G
               +--------+--------+--------+--------+--------+-----+--------+
         Total |   3549 |   3549 |      0 |   1218 |      0 |   4 |  887.2 |
       Dungeon |   3549 |   3549 |      0 |   1218 |      0 |   4 |  887.2 |
               +--------+--------+--------+--------+--------+-----+--------+

Top non-repeatable levels by time:
     D:2: 1242 daAuts
     D:1: 1196 daAuts
     D:3: 1030 daAuts
     D:6: 79 daAuts
